 Dungeon Crawl Stone Soup version 0.26.0-15-gc6cd9f700b (webtiles) character file.

Game seed: 12211684435060230173

32 Froggeryz the Sneak (level 3, -8/31 HPs)
             Began as a Ghoul Delver on Jan 16, 2021.
             Mangled by a gnoll
             ... wielding a +0 halberd
              (10 damage)
             ... on level 5 of the Dungeon.
             The game lasted 00:00:51 (358 turns).

Froggeryz the Sneak (Ghoul Delver)                   Turns: 358, Time: 00:00:52

Health: -8/31      AC:  3    Str: 16    XL:     3   Next: 25%
Magic:  2/2        EV: 11    Int:  5    God:
Gold:   0          SH:  0    Dex: 10    Spells: 2/2 levels left

rFire    . . .     SeeInvis .     - Unarmed
rCold    + . .     Faith    .   (no shield)
rNeg     + + +     Spirit   .   a - +0 leather armour
rPois    ∞         Reflect  .   (no helmet)
rElec    .         Harm     .   (no cloak)
rCorr    .         Rampage  .   (no gloves)
Will     .....                  (no boots)
Stlth    +++.......             (no amulet)
HPRegen  0.00/turn              (no ring)
MPRegen  0.08/turn              (no ring)

@: no status effects
A: claws 1, cold resistance 1, negative energy resistance 3, inhibited
regeneration, torment resistance, unbreathing
a: no special abilities


You were on level 5 of the Dungeon.
You visited 1 branch of the dungeon, and saw 1 of its levels.

Inventory:

Armour
 a - a +0 leather armour (worn)
Wands
 f - a wand of digging (3)
Scrolls
 b - a scroll of fog
 c - a scroll of magic mapping
 d - a scroll of fear
 g - a scroll of acquirement {unknown}
Potions
 e - a potion of haste


   Skills:
 - Level 3.2 Fighting
 - Level 1.7 Dodging
 - Level 5.4 Stealth
 * Level 4.0 Unarmed Combat


You had 2 spell levels left.
You didn't know any spells.
Your spell library was empty.

Dungeon Overview and Level Annotations

Branches:
Dungeon (5/15)
 Temple: D:4-7

Altars:
Kikubaaqudgha

Annotations:
D:5 Pikel


Innate Abilities, Weirdness & Mutations

You thrive by killing the living.
You are immune to poison.
You have sharp fingernails.
Your flesh is cold resistant. (rC+)
You are immune to negative energy. (rN+++)
You do not regenerate when monsters are visible.
You are immune to unholy pain and torment.
You can survive without breathing.


Message History

The gnoll shouts! x4
Found a stone staircase leading down.
The gnoll hits you from afar with a +0 spear.
Found a flail.
The gnoll hits you from afar with a +0 halberd!
Found 17 stones.
The gnoll barely misses you.
Found a stone staircase leading up.
The gnoll completely misses you.
You see here a flail.
The gnoll hits you from afar with a +0 halberd.
The gnoll barely misses you. The gnoll hits you but does no damage.
The gnoll hits you from afar with a +0 spear.
* * * LOW HITPOINT WARNING * * *
There is a stone staircase leading up here.
The lemure closely misses you. The gnoll barely misses you.
The gnoll hits you from afar with a +0 spear!
* * * LOW HITPOINT WARNING * * *
The gnoll hits you from afar with a +0 halberd!
You die...

.#.# #........#
.#.#######.#......#
..................####.#
##.#####...............#
#.# ######.....)###.#
#g###########+#...#
#...gg.g.......gg.###.##
###.#########.#5g.......
#... #.#@g.###.#. .#
#.### #.#g###.###.####.#
#.# #.>gg............##
#.# #.#.!...###(......#
#.# #.........### ..#.#
#.# #.........'.###.#.#
...........#...#...#
####........###.....####
.'........# ###.......


You could see a lemure and 4 gnolls.

Vanquished Creatures
  A hound (D:5)
  An adder zombie (D:5)
2 creatures vanquished.

Notes
Turn   | Place    | Note
-------+----------+-------------------------------------------
     0 | D:5      | Froggeryz the Ghoul Delver began the quest for the Orb.
     0 | D:5      | Reached XP level 1. HP: 19/19 MP: 0/0
    25 | D:5      | Noticed a hound
    29 | D:5      | Noticed a jelly
    61 | D:5      | Killed a hound
    62 | D:5      | Reached XP level 2. HP: 9/26 MP: 1/1
    62 | D:5      | Reached XP level 3. HP: 10/31 MP: 2/2
   289 | D:5      | Noticed a lemure
   289 | D:5      | Noticed a lemure
   290 | D:5      | Noticed Pikel
   290 | D:5      | Noticed a lemure
   358 | D:5      | Mangled by a gnoll

Illustrated notes

Levels and vault maps discovered:
D:5:      minmay_angry_zag, layout_basic, basic_altar, minmay_splitting_lines,
          corexii_leaking_fountain, fedhas_altar_4, uniq_pikel

Skill      XL: |  1  2  3 |
---------------+----------+-----
Unarmed Combat | 3 4 |  4.0
Fighting       | |  3.2
Dodging        | |  1.7
Stealth        | |  5.4

Action                   || total
-------------------------++-------
Melee: Unarmed           ||    19
Armor: Leather armour    ||     4
Dodge: Dodged            ||    17
